 Dungeon Crawl Stone Soup version 0.20.0-6-gd3061e9 (webtiles) character file.

135 MTVSty1e the Caller (level 5, 0/34 HPs)
             Began as a Tengu Summoner on May 28, 2017.
             Succumbed to an adder's poison
             ... in a sewer.
             The game lasted 00:06:12 (4173 turns).

MTVSty1e the Caller (Tengu Summoner)                Turns: 4173, Time: 00:06:13

Health: 0/34       AC: 11    Str:  7 (9)  XL:     5   Next: 18%
Magic:  9/9        EV: -1    Int: 14 (15) God:
Gold:   74         SH:  2    Dex: 15      Spells: 7/8 levels left

rFire    . . .     SeeInvis .   r - +0 spear
rCold    . . .     Gourm    .   (no shield)
rNeg     . . .     Faith    .   m - +1 plate armour
rPois    .         Spirit   .   (helmet restricted)
rElec    .         Reflect  +   (no cloak)
rCorr    .         Harm     .   (no gloves)
MR       .....                  (boots unavailable)
Stlth    ..........             k - +2 amulet of reflection
Regen    0.2/turn               (no ring)
MPRegen  0.2/turn               (no ring)

@: lethally poisoned (0 -> -1), very slightly contaminated
A: beak, talons 3, able to fly 1
a: Fly


You were in a sewer.
You were not hungry.

You visited 1 branch of the dungeon, and saw 3 of its levels.
You also visited: Sewer.

You collected 74 gold pieces.

Inventory:

Hand Weapons
 r - a +0 spear (weapon)
Armour
 m - a +1 plate armour (worn)
Jewellery
 k - a +2 amulet of reflection (around neck)
Scrolls
 e - a scroll of blinking {unknown}
 f - a scroll of teleportation {unknown}
 g - 7 scrolls of identify {unknown}
 n - 4 scrolls of remove curse {unknown}
 o - a scroll of noise {unknown}
Potions
 p - a potion of degeneration
Books
 b - a book of Callings

   Spells                             Type                      Level
   a - Summon Small Mammal            Summoning                    1
   b - Call Imp                       Summoning                    2
   c - Call Canine Familiar           Summoning                    3
   d - Summon Guardian Golem          Hexes/Summoning              3
   e - Summon Lightning Spire         Summoning/Air                4
   f - Summon Ice Beast               Ice/Summoning                4
Comestibles
 j - a royal jelly


   Skills:
 + Level 4.6 Fighting
 - Level 2.1 Dodging
 - Level 2.0 Stealth
 - Level 2.0 Spellcasting
 - Level 4.8 Summonings


You had 7 spell levels left.
You knew the following spells:

 Your Spells              Type           Power        Failure   Level  Hunger
a - Summon Small Mammal   Summ           ##..         100%        1    ##.....


Dungeon Overview and Level Annotations

Branches:
Dungeon (3/15)

Altars:


Innate Abilities, Weirdness & Mutations

You have a beak for a mouth.
You have claws for feet.
You can fly.


Message History

* * * LOW HITPOINT WARNING * * *
You feel sick.
There is an open door here.
You see here a frilled lizard corpse.
There is a lethal amount of poison in your body!
* * * LOW HITPOINT WARNING * * *
You feel sick.
There is a lethal amount of poison in your body!
There is a lethal amount of poison in your body!
There is a lethal amount of poison in your body!
There is a lethal amount of poison in your body!
There is a lethal amount of poison in your body!
There is a lethal amount of poison in your body!
* * * LOW HITPOINT WARNING * * *
You feel sick.
* * * LOW HITPOINT WARNING * * *
You feel sick.
* * * LOW HITPOINT WARNING * * *
You feel sick.
You die...

###### ≈≈≈≈..###
≈≈≈≈....##
≈≈≈≈.....##
≈≈≈≈≈.....#
≈≈......# #.....#
#.@..# ####...##
#??#....# #??†....#
#####...# ##...##
###############....#
≈≈≈≈.÷≈≈≈≈≈≈≈.S....#
≈≈≈≈≈≈≈≈#≈≈≈S......#


There were no monsters in sight!

Vanquished Creatures
  3 adders
  2 river rats (Sewer)
  An ooze (D:2)
  3 dart slugs
  8 leopard geckos
  An orc (D:3)
  4 ball pythons
  6 bats
  2 giant cockroaches (D:3)
  4 hobgoblins
  4 jackals (D:2)
  9 kobolds
  3 frilled lizards
  4 goblins
  20 rats
74 creatures vanquished.

Vanquished Creatures (collateral kills)
  A bat (D:1)
  A hobgoblin (D:1)
  A jackal (D:1)
3 creatures vanquished.

Grand Total: 77 creatures vanquished

Notes
Turn   | Place    | Note
-------+----------+-------------------------------------------
     0 | D:1      | MTVSty1e the Tengu Summoner began the quest for the Orb.
     0 | D:1      | Reached XP level 1. HP: 10/10 MP: 4/4
   325 | D:1      | Reached skill level 1 in Fighting
   495 | D:1      | Reached XP level 2. HP: 9/16 MP: 6/6
  2385 | D:1      | Reached XP level 3. HP: 18/22 MP: 7/7
  3074 | D:2      | Reached XP level 4. HP: 28/28 MP: 8/8
  3740 | D:3      | Found a glowing drain.
  3764 | Sewer    | Entered a sewer
  4144 | Sewer    | Gained mutation: You can fly. [Tengu growth]
  4144 | Sewer    | Reached XP level 5. HP: 13/34 MP: 9/9
  4169 | Sewer    | HP: 1/34 [poisoned by an adder]
  4173 | Sewer    | Succumbed to an adder's poison

Skill      XL: |  1  2  3  4 |
---------------+-------------+-----
Fighting       | 1 2 3 4 |  4.6
Dodging        | |  2.1
Stealth        | |  2.0
Spellcasting   | |  2.0
Summonings     | |  4.8

Action                   |  1- 3 |  4- 6 || total
-------------------------+-------+-------++-------
Melee: Club              |    92 |       ||    92
       Unarmed           |     9 |       ||     9
       Kick              |    41 |    28 ||    69
       Peck              |    29 |    15 ||    44
       Spear             |    83 |   166 ||   249
 Cast: Summon Small Mamm |     6 |       ||     6
  Use: Potion            |       |     7 ||     7
       Scroll            |       |     3 ||     3
  Eat: Bread ration      |     2 |     1 ||     3
Armor: Robe              |    22 |       ||    22
       Plate armour      |   125 |   207 ||   332
       Skin              |       |    50 ||    50
Dodge: Dodged            |    52 |    15 ||    67
Block: Other             |    14 |    11 ||    25
       Reflection        |     1 |       ||     1
